 Dungeon Crawl Stone Soup version 0.30-a0-636-g200c5c4a83 (webtiles) character file.

Game seed: 518009788328295236

480 CoinPitGoblin the Conjurer (level 6, -5/42 HPs)
             Began as a Demonspawn Conjurer on Jan 15, 2023.
             Slain by Edmund
             ... wielding a +1 flail of protection
              (11 damage)
             ... on level 5 of the Dungeon.
             The game lasted 00:07:39 (3762 turns).

CoinPitGoblin the Conjurer (Demonspawn Conjurer)    Turns: 3762, Time: 00:07:39

Health: -5/42      AC:  2    Str: 12    XL:     6   Next: 86%
Magic:  9/12       EV: 13    Int: 21    God:
Gold:   191        SH:  0    Dex: 18    Spells: 7/13 levels left

rFire   . . .      SeeInvis .    m - +2 hand axe (vamp)
rCold   . . .      Faith    .    (no shield)
rNeg    . . .      Spirit   .    a - +0 robe
rPois   .          Reflect  .    (no helmet)
rElec   .          Harm     .    (no cloak)
rCorr   .          Rampage  .    (no gloves)
Will    .....                    (no boots)
Stlth   ++                       j - amulet of Oteqo {RegenMP Str+5}
HPRegen 0.27/turn                c - +6 ring of dexterity
MPRegen 0.53/turn                (no ring)

@: about to teleport
A: hooves 1, demonic guardian 1
a: no special abilities


You were on level 5 of the Dungeon.
You visited 1 branch of the dungeon, and saw 5 of its levels.

You collected 191 gold pieces.

Inventory:

Hand Weapons
 g - a +0 short sword
 m - a +2 vampiric hand axe (weapon)
Missiles
 d - a throwing net
Armour
 a - a +0 robe (worn)
Jewellery
 c - a +6 ring of dexterity (left hand)
 j - the amulet of Oteqo (around neck) {RegenMP Str+5}
   (You acquired it on level 3 of the Dungeon)

   [amulet of magic regeneration]

   It increases your rate of magic regeneration.
   Str:       It affects your strength (+5).
 k - an amulet of guardian spirit
Wands
 h - a wand of paralysis (7)
Scrolls
 f - a scroll of teleportation
 o - a scroll of amnesia {unknown}
 s - a scroll of magic mapping {unknown}
 w - a scroll of fog
 y - a scroll of summoning {unknown}
 z - a scroll of enchant weapon {unknown}
 A - 3 scrolls of immolation {unknown}
Potions
 b - 2 potions of magic
 e - 2 potions of degeneration {unknown}
 i - 2 potions of flight
 l - a potion of haste {unknown}
 n - 3 potions of curing {unknown}
 p - a potion of brilliance {unknown}
 q - a potion of ambrosia {unknown}
 r - a potion of might {unknown}
 t - 2 potions of attraction {unknown}
 u - a potion of cancellation {unknown}
 v - 2 potions of lignification {unknown}
 x - 2 potions of heal wounds {unknown}


   Skills:
 + Level 0.9 Fighting
 * Level 3.4 Dodging
 - Level 1.7 Stealth
 + Level 4.0 Spellcasting
 + Level 6.3 Conjurations


You had 7 spell levels left.
You knew the following spells:

 Your Spells              Type           Power      Damage    Failure   Level
a - Searing Ray           Conj           60%        2d6       1%          2
q - Magic Dart            Conj           100%       1d8       1%          1
s - Mephitic Cloud        Conj/Pois/Air  13%        N/A       16%         3

Your spell library contained the following spells:

 Spells                   Type           Power      Damage    Failure   Level
 Static Discharge         Conj/Air       34%        2-4/arc   4%          2
 Dazzling Flash           Conj/Hex       34%        N/A       10%         3
 Hailstorm                Conj/Ice       17%        3d6       10%         3
 Cigotuvi's Dreadful Rot  Necr/Pois/Air  8%         N/A       19%         2
 Poisonous Vapours        Pois/Air       8%         N/A       19%         2
 Flame Wave               Conj/Fire      17%        2d7       32%         4
 Fulminant Prism          Conj/Hex       8%         3d7       32%         4
 Iskenderun's Mystic Bla  Conj/Tloc      17%        2d5       32%         4
 Frozen Ramparts          Ice            8%         1d2       34%         3
 Gell's Gravitas          Tloc           4%         N/A       34%         3
 Ice Form                 Ice/Tmut       4%         N/A       75%         4
 Summon Ice Beast         Ice/Summ       4%         N/A       75%         4


Dungeon Overview and Level Annotations

Branches:
Dungeon (5/15)
 Temple: D:4-7

Altars:
Makhleb

Shops:
D:3 [

Annotations:
D:5 1 runed translucent door, Crazy Yiuf, Edmund


Innate Abilities, Weirdness & Mutations

You have large cloven feet.
A weak demonic guardian rushes to your aid.


Message History

Edmund is heavily wounded. (Press . to maintain the ray.) Edmund hits you with a +1 flail of protection.
The searing ray hits Edmund!
Edmund is severely wounded.
Edmund hits you with a +1 flail of protection.
The searing ray misses Edmund.
Edmund hits you with a +1 flail of protection.
The searing ray misses Edmund.
You finish channelling your searing ray.
Edmund barely misses you.
Casting: Searing Ray (safe; 1% risk of failure)
Confirm with . or Enter, or press ? or * to list all spells.
Aiming: Searing Ray (safe; 1% risk of failure)
Press: ? - help, Shift-Dir - straight line, f/p - Edmund
Aim: Edmund, wielding a +1 flail of protection and wearing a +0 leather armour (severely wounded, 79% to hit)
The searing ray hits Edmund!
Edmund is almost dead. (Press . to maintain the ray.) Edmund hits you with a +1 flail of protection!
* * * LOW HITPOINT WARNING * * *
A demonic guardian appears!
The searing ray hits Edmund.
Edmund is almost dead.
Edmund hits you with a +1 flail of protection!
* * * LOW HITPOINT WARNING * * *
A demonic guardian appears!
Edmund hits your white imp with a +1 flail of protection!
Your white imp hits Edmund but does no damage.
Edmund hits your white imp with a +1 flail of protection!
Your white imp dies!
Your white imp disappears in a puff of smoke!
Your shadow imp misses Edmund.
Your shadow imp hits Edmund.
Edmund gestures with his flail.
Okay, then.
As you read the scroll of teleportation, it crumbles to dust.
You feel strangely unstable.
Edmund hits you with a +1 flail of protection!
You die...

.................#### ###
.................#
.#######....##'###
.##...##....##.####
.......#..........#
..)....#..........+ #
.......#..........# .#
.......#.)........# ..#
###...##.##.####@## ..#
###########.####@###### ...##
..............#..5....#.....#
..............+.......'...#
..............#.......#..##
..<...........#.......# ##
##.....>.##...#######.#
###########.>.# #.#
..........#....# #..


You could see Edmund (ally target) and a friendly shadow imp (summoned).

Vanquished Creatures
  A phantom (D:4)
  A necrophage (D:5)
  2 hounds
  An iguana (D:5)
  An orc wizard (D:4)
  6 adders
  2 worms
  A dart slug (D:4)
  15 orcs
  5 endoplasms
  A giant cockroach (D:1)
  5 goblins
  5 hobgoblins
  4 jackals (D:2)
  7 kobolds
  A quokka (D:2)
  4 ball pythons
  4 bats
  A frilled lizard (D:2)
  5 rats
72 creatures vanquished.

Vanquished Creatures (collateral kills)
  An ogre (D:5)
  A worm (D:3)
2 creatures vanquished.

Grand Total: 74 creatures vanquished

Notes
Turn   | Place    | Note
-------+----------+-------------------------------------------
     0 | D:1      | CoinPitGoblin the Demonspawn Conjurer began the quest for
                  | the Orb.
     0 | D:1      | Reached XP level 1. HP: 13/13 MP: 3/3
   436 | D:1      | Gained mutation: You have large cloven feet. [demonic
                  | ancestry]
   436 | D:1      | Reached XP level 2. HP: 19/19 MP: 1/5
  1275 | D:2      | Gained mutation: A weak demonic guardian rushes to your
                  | aid. [demonic ancestry]
  1275 | D:2      | Reached XP level 3. HP: 24/24 MP: 1/6
  1387 | D:2      | Found a burning altar of Makhleb.
  1723 | D:3      | Found Nialu's Armour Emporium.
  1913 | D:3      | Reached skill level 5 in Conjurations
  1981 | D:3      | Found a faded altar of an unknown god.
  2012 | D:3      | Learned a level 3 spell: Mephitic Cloud
  2024 | D:3      | Learned a level 2 spell: Searing Ray
  2070 | D:3      | Reached XP level 4. HP: 30/30 MP: 4/7
  2607 | D:3      | Identified a scroll of acquirement
  2607 | D:3      | Acquired the amulet of Oteqo {RegenMP Str+5}
  2790 | D:4      | Noticed a phantom
  2796 | D:4      | Killed a phantom
  2797 | D:4      | Reached XP level 5. HP: 33/36 MP: 4/9
  3080 | D:4      | Identified the +4 mace "Buopogh" {vamp, Fly Str+7 Int-3
                  | Stlth-}
  3302 | D:5      | Entered Level 5 of the Dungeon
  3413 | D:5      | Reached XP level 6. HP: 42/42 MP: 6/11
  3551 | D:5      | Reached skill level 6 in Conjurations
  3646 | D:5      | Got the Almanac of the Tesseract and Bombardment
  3713 | D:5      | Found a runed translucent door.
  3714 | D:5      | Noticed Crazy Yiuf
  3743 | D:5      | Noticed Edmund
  3762 | D:5      | Slain by Edmund

Illustrated notes

Levels and vault maps discovered:
D:1:      dpeg_arrival_ternary, layout_basic, serial_glass, glass_columns_a,
          glass_columns_a
D:2:      layout_rooms, basic_altar
D:3:      layout_rooms, hellmonk_ecumenical_altar_crossroads, serial_shops, shop
D:4:      layout_loops_ring
D:5:      layout_gridville, kennysheep_potato, uniq_edmund,
          uniq_crazy_yiuf_cottage

Skill      XL: |  1  2  3  4  5  6 |
---------------+-------------------+-----
Dodging        | 2 3 |  3.4
Conjurations   | 5 6 |  6.3
Spellcasting   | 3 4 |  4.0
Fighting       | |  0.9
Stealth        | |  1.7

Action                   |  1- 3 |  4- 6 || total
-------------------------+-------+-------++-------
Melee: Hand axe          |    13 |     4 ||    17
       Kick              |     4 |     2 ||     6
 Cast: Magic Dart        |    76 |    95 ||   171
       Searing Ray       |       |     7 ||     7
  Use: Scroll            |       |     7 ||     7
Armor: Robe              |     4 |     1 ||     5
Dodge: Dodged            |    11 |    12 ||    23

Table legend: (Time is in decaauts)
 A = Elapsed time spent in this place.
 B = Non-inter-level travel time spent in this place.
 C = Inter-level travel time spent in this place.
 D = Time resting spent in this place.
 E = Time spent auto-exploring this place.
 F = Levels seen in this place.
 G = Mean time per level.
                   A        B        C        D        E       F      G
               +--------+--------+--------+--------+--------+-----+--------+
         Total |   3765 |   3562 |    203 |      0 |   3110 |   5 |  753.0 |
       Dungeon |   3765 |   3562 |    203 |      0 |   3110 |   5 |  753.0 |
               +--------+--------+--------+--------+--------+-----+--------+

Top non-repeatable levels by time:
     D:2: 905 daAuts
     D:3: 879 daAuts
     D:1: 858 daAuts
     D:4: 689 daAuts
     D:5: 432 daAuts
